 Dungeon Crawl Stone Soup version 0.25.1-8-g42b30a86e7 (webtiles) character file.

Game seed: 10040316480324832455

2721 hawla the Grasshopper (level 9, 0/93 HPs)
             Began as a Black Draconian Conjurer on Dec 7, 2020.
             Was a Believer of Vehumet.
             Slain by Erica
             ... wielding a +0 scimitar of flaming
              (14 damage)
             ... on level 7 of the Dungeon.
             The game lasted 00:24:12 (9057 turns).

hawla the Grasshopper (Black Draconian Conjurer)    Turns: 9057, Time: 00:24:13

Health: 0/93       AC: 10    Str: 10    XL:     9   Next: 39%
Magic:  5/19       EV: 12    Int: 19    God:    Vehumet [**....]
Gold:   345        SH:  0    Dex: 12    Spells: 15/22 levels left

rFire    . . .     SeeInvis .   t - staff of cold
rCold    + . .     Gourm    .   (no shield)
rNeg     + . .     Faith    .   (armour unavailable)
rPois    .         Spirit   .   (helmet restricted)
rElec    +         Reflect  .   (no cloak)
rCorr    .         Harm     .   n - +0 pair of gloves
MR       .....                  f - +1 pair of boots
Stlth    ..........             (no amulet)
HPRegen  0.25/turn              j - ring of positive energy
MPRegen  0.16/turn              (no ring)

@: confused, berserking, lethally poisoned (0 -> -20), stab, slowed
A: breathe lightning, unfitting armour, electricity resistance, cold-blooded, AC
+7
a: Breathe Lightning, Renounce Religion


You were on level 7 of the Dungeon.
You worshipped Vehumet.
Vehumet was pleased with you.
You were hungry.

You visited 2 branches of the dungeon, and saw 9 of its levels.

You collected 411 gold pieces.
You spent 66 gold pieces at shops.

Inventory:

Hand Weapons
 p - a +2 vorpal quarterstaff
Missiles
 g - 29 poisoned darts
 l - 6 boomerangs (quivered)
Armour
 f - a +1 pair of boots (worn)
 n - a +0 pair of gloves (worn)
Magical Staves
 t - an uncursed staff of cold (weapon)
Jewellery
 j - a ring of positive energy (left hand)
 q - an uncursed ring of fire
 y - an uncursed ring of ice
Wands
 m - a wand of enslavement (10)
 o - a wand of digging (6)
 s - a wand of iceblast (2)
Scrolls
 c - 2 scrolls of teleportation
 i - 2 scrolls of remove curse
 u - 2 scrolls of immolation
 x - a scroll of fog
 z - a scroll of identify
Potions
 a - a potion of lignification
 d - 2 potions of heal wounds
 e - 2 potions of resistance
 k - 2 potions of berserk rage
 r - 2 potions of magic {unknown}
 v - 3 potions of curing
 w - a potion of might {unknown}
Comestibles
 b - 13 rations
 A - a chunk of flesh


   Skills:
 + Level 2.0 Dodging
 + Level 1.7 Stealth
 + Level 7.2 Spellcasting
 + Level 7.2 Conjurations
 + Level 7.8 Translocations
 - Level 3.0 Evocations


You had 15 spell levels left.
You knew the following spells:

 Your Spells              Type           Power        Failure   Level  Hunger
a - Magic Dart            Conj           ####         1%          1    None
b - Searing Ray           Conj           ####..       1%          2    None
c - Iskenderun's Mystic   Conj/Tloc      #####...     4%          4    ###....

Your spell library contained the following spells:

 Spells                   Type           Power        Failure   Level  Hunger
 Freeze                   Ice            ##..         10%         1    None
 Gell's Gravitas          Tloc           #####.....   1%          3    #......
 Foxfire                  Conj/Fire      ###.         2%          1    None
 Shock                    Conj/Air       ###.         2%          1    None
 Shroud of Golubria       Chrm/Tloc      ###...       3%          2    None
 Dazzling Flash           Conj/Hex       ###...       7%          3    #......
 Beastly Appendage        Tmut           #.....       10%         1    None
 Sticks to Snakes         Tmut           #.......     16%         2    None
 Fulminant Prism          Conj/Hex       ###.......   22%         4    ###....
 Spider Form              Tmut/Pois      #.........   30%         3    #......
 Ice Form                 Ice/Tmut       ##......     69%         4    ###....
 Blade Hands              Tmut           #.........   95%         5    #####..
 Conjure Ball Lightning   Conj/Air       ###.......   98%         6    ######.
 Iron Shot                Conj/Erth      ###.......   98%         6    ######.


Dungeon Overview and Level Annotations

Branches:
Dungeon (8/15)             Temple (1/1) D:4
   Lair: D:8-11

Altars:
Ashenzari
Cheibriados
Dithmenos
Elyvilon
Fedhas
Gozag
Hepliaklqana
Kikubaaqudgha
Makhleb
Nemelex Xobeh
Okawaru
Qazlal
Ru
Sif Muna
Trog
Uskayaw
Vehumet
Xom
Yredelemnul
Zin
The Shining One

Shops:
D:4 }

Annotations:
D:7 Erica


Innate Abilities, Weirdness & Mutations

You can breathe wild blasts of lightning.
Your glossy black scales are hard. (AC +7)
You cannot fit into any form of body armour.
You are resistant to electric shocks. (rElec)
You are cold-blooded and may be slowed by cold attacks.


Message History

A bolt of poison appears from out of thin air!
The bolt of poison hits you!!
You are poisoned.
You hit something!
You feel sick. Something hits you. Something burns you.
You barely miss something.
You feel sick. Something hits you! Something burns you.
You miss something.
You feel sick.
You hear some strange, mumbled words.
You are confused.
You bump into the rock wall.
You feel sick.
You hear some strange, mumbled words.
A bolt of poison appears from out of thin air!
The bolt of poison hits you!
You are more poisoned.
* * * LOW HITPOINT WARNING * * *
You are too berserk!
You miss something.
* * * LOW HITPOINT WARNING * * *
You feel sick. Something hits you!
You die...

#.##.# ##...## #.##..#...(.....
#.##.###.....###.##.##.(######.
#.##.........[.#...###.#.# #.
#.######.....#.#..#.##..## #.
#.# ##...##.#..#..#.## #. #.#
##.###.#.......# ## #.#
#.###.##.#.#.## #.#
#..W.{.....#.###### #.#
#####@##.###......#
#.############.##.# ######.##
#..............##.#######...###
#############.............#....
#..#.########...### #.##.#
##.## #.##.# ##.####
#.##.########......
#.##............###


You could see a phantom.

Vanquished Creatures
  Pikel (D:6)
  A spriggan (D:7)
  An ice beast (D:6)
  An orc warrior (D:6)
  2 slaves (D:6)
  A necrophage (D:5)
  2 centaurs
  2 phantoms
  A bullfrog (D:7)
  2 scorpions
  4 wights (D:5)
  4 crimson imps
  A centaur zombie (D:7)
  6 hounds
  3 jellies
  2 orc priests
  A bullfrog skeleton (D:7)
  3 centaur skeletons (D:7)
  4 orc wizards
  3 iguanas
  7 worker ants
  2 hound zombies
  5 adders
  2 shadow imps
  An ooze (D:3)
  2 adder skeletons
  2 worms
  A dart slug (D:2)
  4 leopard geckos
  17 orcs
  3 ball pythons
  6 giant cockroaches
  11 goblins
  15 hobgoblins
  14 jackals
  6 kobolds
  2 quokkas
  4 bats
  3 frilled lizards
  A jackal skeleton (D:7)
  A jackal zombie (D:6)
  A leopard gecko skeleton (D:7)
  A quokka skeleton (D:4)
  8 rats
164 creatures vanquished.

Vanquished Creatures (others)
  A worker ant (D:4)
  A worm (D:4)
  A leopard gecko (D:4)
  A ball python (D:4)
4 creatures vanquished.

Grand Total: 168 creatures vanquished

Notes
Turn   | Place    | Note
-------+----------+-------------------------------------------
     0 | D:1      | hawla the Draconian Conjurer began the quest for the Orb.
     0 | D:1      | Reached XP level 1. HP: 14/14 MP: 3/3
   414 | D:1      | Reached XP level 2. HP: 20/20 MP: 2/5
   418 | D:1      | Learned a level 2 spell: Searing Ray
  1243 | D:2      | Found a sacrificial altar of Ru.
  1245 | D:2      | Reached XP level 3. HP: 26/26 MP: 4/7
  2107 | D:2      | Found a sparkling altar of Nemelex Xobeh.
  2256 | D:2      | Reached XP level 4. HP: 33/33 MP: 5/10
  2262 | D:2      | Learned a level 4 spell: Iskenderun's Mystic Blast
  3163 | D:3      | Reached skill level 1 in Translocations
  3800 | D:4      | Noticed a phantom
  3801 | D:4      | Found a shimmering altar of Xom.
  3904 | D:4      | Killed a phantom
  3904 | D:4      | Reached XP level 5. HP: 29/38 MP: 3/11
  4156 | D:4      | Reached XP level 6. HP: 45/45 MP: 6/13
  4220 | D:4      | Found a staircase to the Ecumenical Temple.
  4290 | Temple   | Entered the Ecumenical Temple
  4380 | Temple   | Became a worshipper of Vehumet
  4421 | D:4      | Found a shimmering blue altar of Sif Muna.
  4652 | D:4      | Found Gutraps's Gadget Emporium.
  4691 | D:4      | Reached skill level 5 in Spellcasting
  4802 | D:4      | Bought a wand of iceblast (2) for 66 gold pieces
  5134 | D:5      | Entered Level 5 of the Dungeon
  5160 | D:4      | Your scales start taking on a glossy black colour.
  5160 | D:4      | Reached XP level 7. HP: 49/50 MP: 0/14
  5160 | D:4      | Gained mutation: You are resistant to electric shocks.
                  | (rElec) [Black Draconian growth]
  5261 | D:5      | Reached skill level 5 in Translocations
  5571 | D:5      | Found an iron altar of Okawaru.
  6315 | D:5      | Found a glowing silver altar of Zin.
  6385 | D:5      | Reached XP level 8. HP: 57/57 MP: 11/17
  6626 | D:6      | Reached skill level 1 in Evocations
  6935 | D:6      | Reached * piety under Vehumet
  6935 | D:6      | Offered knowledge of Shock by Vehumet.
  6967 | D:6      | Found a burning altar of Makhleb.
  7275 | D:6      | Reached skill level 5 in Conjurations
  7361 | D:6      | Noticed Pikel
  7543 | D:6      | Killed Pikel
  7765 | D:7      | Reached XP level 9. HP: 62/62 MP: 13/19
  8041 | D:7      | Found a shattered altar of Ashenzari.
  8045 | D:7      | Identified the Papyrus of Spatial Conjuration
  8114 | D:7      | Reached ** piety under Vehumet
  8121 | D:7      | Offered knowledge of Freeze by Vehumet.
  8247 | D:7      | Found a blossoming altar of Fedhas.
  8988 | D:8      | Noticed Erica
  9057 | D:7      | Slain by Erica

Illustrated notes

Levels and vault maps discovered:
D:1:      lightli_arrival_flooded_house, layout_rooms, serial_forest,
          infiniplex_forest_straight_3, infiniplex_forest_diagonal,
          infiniplex_forest_lined_ring, infiniplex_forest_zigzag_2,
          infiniplex_forest_straight_3, infiniplex_forest_straight_2,
          infiniplex_forest_straight_2, infiniplex_forest_zigzag_1,
          infiniplex_forest_lined_room_2
D:2:      layout_loops_ring, nicolae_overflow_crystal_walls,
          overflow_temple_1_default, minmay_hexomino_u4
D:3:      layout_basic, first_ration, minmay_cupped
D:4:      layout_gridville, xom_confusion_cloud, lemuel_round_altar,
          minmay_temple_entry_wispy, serial_shops, shop, st_stairs_11
D:5:      layout_rooms, marbit_many_paths, lemuel_doored_altar
D:6:      layout_loops_ring, kennysheep_mini_moat, grunt_ministairs_7,
          uniq_pikel
D:7:      layout_loops_ring, fedhas_altar_4, the_bakery, evilmike_ruin_ashenzari
D:8:      layout_rooms, uniq_grum, uniq_harold, uniq_erica
Temple:   nicolae_temple_god_jail

Skill      XL: |  1  2  3  4  5  6  7  8  9 |
---------------+----------------------------+-----
Spellcasting   | 3 4 5 6 7 |  7.2
Translocations | 2 3 4 6 7 |  7.8
Evocations     | 3 |  3.0
Conjurations   | 6 7 |  7.2
Dodging        | 2 |  2.0
Stealth        | |  1.7

Action                   |  1- 3 |  4- 6 |  7- 9 || total
-------------------------+-------+-------+-------++-------
Melee: Unarmed           |    46 |       |       ||    46
       Tailslap          |     4 |       |       ||     4
       Quarterstaff      |       |     7 |       ||     7
       Staff             |       |       |     5 ||     5
 Cast: Magic Dart        |    72 |    54 |    56 ||   182
       Searing Ray       |    17 |    35 |    71 ||   123
       Iskenderun's Myst |       |     1 |     3 ||     4
  Use: Scroll            |     5 |     5 |     5 ||    15
       Potion            |       |       |     4 ||     4
  Eat: Chunk             |     5 |     9 |     6 ||    20
       Ration            |       |       |     2 ||     2
Armor: Skin              |    25 |    13 |    42 ||    80
Dodge: Dodged            |    38 |    18 |    43 ||    99
